Map: [ESL] Oceanborn

Players

Cham - Winner!

  • Race: Zerg Zerg
  • Spawn Location: 5:00

SpeCial

  • Race: Terran Terran
  • Spawn Location: 11:00

Event: ESL SC2 Masters 2023 Winter (Regional)

VOD

Have the link to the VOD?

Description

Time

  • Played on: Nov. 9, 2023, 12:31 p.m.
  • Length: 28:52

All games in this series

Show
View Real Time Build Order
Export as new Build Order

Cham Zerg - Winner!

Build Orders: Hatch First 

Get SALT Encoding   

  12  0:00  Drone  
  13  0:13  Overlord  
  13  0:16  Drone  
  14  0:32  Drone x2  
  16  0:49  Hatchery  
  15  0:51  Drone  
  15  0:55  Drone  
  17  0:58  Drone  
  18  1:12  Spawning Pool  
  18  1:13  Extractor  
  18  1:16  Drone  
  17  1:20  Drone  
  18  1:29  Drone  
  19  1:40  Drone  
  20  1:51  Drone  
  21  2:00  Queen  
  21  2:01  Queen  
  23  2:02  Zergling x4  
  27  2:16  Overlord  
  27  2:19  Drone  
  28  2:25  Spore Crawler  
  28  2:31  Overlord  
  28  2:35  Drone x3  
  31  2:39  Queen x2  
  35  2:47  Drone  
  35  2:48  Overlord  
  36  2:55  Drone  
  36  2:56  Drone  
  38  3:06  Drone x2  
  38  3:09  Drone x3  
  38  3:11  Drone  
  38  3:12  Drone x2  
  46  3:17  Lair  
  46  3:24  Extractor  
  46  3:27  Roach Warren  
  44  3:28  Drone x2  
  46  3:36  Overlord  
  46  3:37  Drone  
  47  3:43  Drone x3  
  47  3:44  Drone  
  47  3:45  Drone, Extractor  
  47  3:46  Extractor  
  50  3:49  Overlord  
  50  3:56  Drone  
  50  3:57  Drone  
  50  4:00  Drone  
  50  4:01  Drone  
  56  4:10  Roach  
  56  4:11  Hatchery  
  56  4:15  Roach x3  
  61  4:17  Glial Reconstitution  
  61  4:22  Drone  
  62  4:24  Overlord  
  62  4:25  Overseer  
  52  4:40  Drone x4  
  54  4:50  Drone  
  54  4:51  Drone  
  54  4:58  Drone, Roach  
  57  5:00  Overlord  
  57  5:03  Drone x2  
  59  5:07  Overlord  
  59  5:08  Drone  
  59  5:10  Drone  
  61  5:18  Drone x2  
  61  5:19  Evolution Chamber  
  61  5:20  Evolution Chamber  
  61  5:22  Spore Crawler  
  61  5:26  Drone x2  
  61  5:27  Overseer  
  62  5:29  Drone  
  62  5:31  Drone  
  62  5:33  Drone  
  62  5:34  Drone  
  66  5:36  Drone  
  66  5:39  Overlord  
  66  5:41  Drone  
  68  5:43  Roach  
  68  5:44  Roach  
  68  5:47  Drone x2  
  74  5:54  Overlord  
  74  5:55  Drone x2  
  74  5:56  Drone x2  
  78  6:01  Zerg Missile Weapons Level 1  
  78  6:02  Zerg Ground Armor Level 1  
  78  6:05  Drone  
  78  6:06  Drone x2  
  78  6:08  Overlord  
  78  6:11  Drone x2  
  83  6:16  Drone  
  83  6:17  Drone  
  85  6:20  Overlord  
  85  6:21  Drone, Overlord  
  85  6:24  Extractor  
  85  6:25  Drone, Extractor  
  85  6:27  Roach  
  85  6:31  Roach  
  87  6:34  Drone  
  87  6:38  Drone x2  
  87  6:39  Overlord  
  88  6:40  Roach  
  88  6:43  Overlord  
  90  6:48  Roach  
  90  6:49  Roach  
  90  6:52  Hatchery  
  90  6:53  Roach x2  
  97  6:55  Roach  
  97  6:56  Roach  
  97  6:59  Overlord  
  97  7:01  Roach  
  103  7:03  Roach  
  103  7:06  Overlord  
  103  7:07  Roach  
  107  7:09  Roach  
  107  7:11  Roach  
  107  7:15  Drone  
  112  7:17  Roach x3  
  112  7:20  Roach  
  120  7:25  Roach x2, Overlord  
  120  7:29  Roach x2  
  128  7:30  Roach  
  128  7:31  Overseer  
  128  7:33  Roach  
  128  7:36  Roach  
  134  7:38  Roach  
  134  7:39  Roach  
  134  7:43  Drone x2  
  140  7:44  Drone  
  140  7:45  Roach x2  
  140  7:47  Roach  
  140  7:48  Roach  
  149  7:54  Roach x2  
  149  7:57  Zerg Ground Armor Level 2  
  153  7:59  Zerg Missile Weapons Level 2  
  153  8:03  Roach x2  
  157  8:06  Roach  
  157  8:09  Overlord  
  157  8:10  Roach  
  157  8:12  Roach  
  165  8:13  Roach  
  165  8:15  Ravager x5  
  165  8:17  Roach  
  165  8:18  Ravager x2  
  165  8:19  Ravager  
  175  8:28  Overlord  
  175  8:34  Roach x2  
  179  8:37  Roach x2  
  183  8:46  Infestation Pit  
  140  8:59  Roach x15  
  140  9:00  Roach x3  
  140  9:02  Roach  
  155  9:03  Roach  
  155  9:06  Roach  
  136  9:11  Roach x3  
  136  9:15  Roach x3  
  137  9:17  Drone x2  
  137  9:18  Drone  
  137  9:23  Drone x3  
  137  9:24  Drone x2  
  145  9:29  Drone x2  
  145  9:30  Drone x2  
  149  9:35  Infestor  
  151  9:39  Overlord  
  151  9:40  Overlord  
  151  9:41  Infestor  
  153  9:47  Drone  
  153  9:48  Drone  
  153  9:49  Extractor  
  153  9:50  Extractor, Spine Crawler  
  153  9:51  Overlord  
  152  9:53  Hive  
  152  9:55  Drone x2  
  152  9:57  Spire  
  153  10:08  Drone  
  153  10:09  Overlord  
  153  10:10  Ravager x3  
  153  10:13  Roach  
  159  10:18  Hatchery  
  158  10:24  Roach  
  158  10:25  Roach x8  
  173  10:31  Roach x3  
  173  10:32  Roach x2  
  181  10:41  Roach x6  
  193  10:43  Roach  
  193  10:44  Roach  
  193  10:47  Infestor  
  199  10:54  Metabolic Boost  
  199  11:00  Ravager  
  200  11:14  Greater Spire  
  200  11:28  Spore Crawler  
  200  11:30  Spore Crawler  
  198  11:33  Extractor x2  
  196  11:43  Corruptor x2  
  198  11:50  Corruptor x2  
  198  11:54  Spore Crawler x2  
  198  12:04  Drone  
  198  12:05  Drone  
  198  12:06  Corruptor  
  196  12:09  Drone x3  
  198  12:15  Overlord  
  190  12:23  Drone x4  
  190  12:25  Drone x3  
  190  12:29  Drone, Overlord  
  198  12:30  Overlord  
  198  12:36  Zerg Missile Weapons Level 3, Hydralisk Den  
  197  12:37  Zerg Flyer Weapons Level 1  
  197  13:11  Grooved Spines  
  197  13:14  Drone x2, Lurker Den  
  197  13:15  Drone x2  
  194  13:36  Brood Lord  
  194  13:37  Brood Lord x2  
  194  13:40  Brood Lord x2  
  196  13:43  Drone x3  
  196  13:44  Drone  
  200  13:50  Overlord  
  198  14:00  Evolution Chamber  
  198  14:01  Hydralisk, Muscular Augments  
  199  14:03  Drone  
  200  14:11  Seismic Spines  
  200  14:14  Pneumatized Carapace  
  200  14:15  Overlord  
  200  14:27  Zerg Melee Weapons Level 1, Adrenal Glands  
  200  14:31  Zerg Flyer Armor Level 1  
  200  14:34  Hatchery  
  199  14:41  Overseer  
  199  14:42  Overseer  
  199  14:48  Overseer  
  197  15:00  Infestor  
  197  15:02  Ravager  
  200  15:08  Adaptive Talons  
  200  15:10  Nydus Network  
  200  15:11  Nydus Network  
  200  15:13  Zerg Ground Armor Level 3  
  198  15:23  Drone x3, Spore Crawler x2  
  198  15:24  Spore Crawler  
  198  15:25  Spore Crawler, Spine Crawler  
  198  15:26  Spine Crawler  
  195  15:34  Hydralisk x2  
  195  15:35  Drone  
  200  16:35  Spore Crawler  
  200  16:36  Lurker x2, Spore Crawler  
  200  16:37  Spore Crawler  
  200  16:38  Lurker  
  203  17:05  Overlord  
  200  17:14  Hydralisk x13  
  200  17:15  Hydralisk x11  
  186  17:22  Viper x2, Hydralisk x2  
  162  17:23  Viper x3  
  162  17:24  Hydralisk  
  162  17:25  Hydralisk x19  
  162  17:29  Zergling x2  
  197  17:34  Nydus Canal x2  
  195  17:37  Hydralisk  
  195  17:38  Hydralisk  
  195  17:41  Zergling x2  
  195  17:43  Overlord  
  195  17:44  Overseer  
  200  17:52  Nydus Canal x2  
  187  17:58  Hydralisk x2  
  187  17:59  Hydralisk x6  
  187  18:01  Hydralisk x6  
  200  18:08  Nydus Canal x2  
  197  18:16  Hydralisk x2  
  195  18:21  Hydralisk x2  
  195  18:23  Hydralisk  
  196  18:36  Hydralisk  
  189  18:45  Hydralisk x2  
  189  18:47  Hydralisk x4  
  187  18:52  Hydralisk x7  
  195  18:57  Lurker  
  195  18:58  Hydralisk, Overlord  
  194  19:09  Lurker x6  
  180  19:10  Zergling x6  
  180  19:11  Zergling x10  
  180  19:15  Drone x2  
  190  19:19  Drone  
  190  19:21  Drone x2  
  190  19:22  Lurker  
  190  19:23  Lurker x2  
  196  19:27  Lurker  
  197  19:33  Lurker x2  
  197  19:34  Lurker  
  200  19:39  Overseer  
  200  19:46  Overseer x2  
  200  19:47  Overseer  
  200  19:53  Hatchery  
  166  20:17  Drone  
  166  20:18  Drone x12  
  169  20:30  Drone x2  
  169  20:31  Drone x2  
  169  20:50  Drone x3, Overlord  
  169  20:51  Hydralisk, Overlord  
  169  20:52  Hydralisk x4  
  182  20:58  Overseer x2  
  177  21:08  Hydralisk x5  
  153  21:16  Hydralisk x2  
  153  21:17  Hydralisk  
  159  21:18  Hatchery  
  159  21:19  Hydralisk  
  159  21:23  Hydralisk  
  161  21:28  Hydralisk x2  
  161  21:30  Hydralisk  
  126  21:41  Hydralisk x2  
  126  21:43  Hydralisk  
  113  21:47  Hydralisk  
  113  21:51  Hydralisk  
  105  21:57  Hydralisk  
  105  21:58  Zergling x2  
  104  22:15  Hydralisk x2  
  104  22:19  Hydralisk  
  104  22:20  Zergling x2  
  104  22:21  Zergling x2  
  107  22:25  Hydralisk  
  108  22:31  Hydralisk  
  108  22:33  Hydralisk  
  108  22:41  Zergling x2  
  108  22:42  Zergling x6  
  109  22:50  Zergling x6  
  109  22:51  Zergling x4  
  113  22:53  Zergling x2  
  113  22:57  Lurker  
  116  23:07  Lurker  
  116  23:10  Hydralisk  
  118  23:13  Hatchery  
  109  23:25  Lurker  
  109  23:27  Zergling x26  
  109  23:34  Extractor  
  120  23:35  Extractor  
  104  24:01  Lurker x2  
  101  24:03  Zergling x2, Lurker  
  101  24:04  Zergling x34  
  120  24:14  Hydralisk  
  122  24:21  Hatchery  
  121  24:24  Hydralisk x2  
  121  24:30  Overseer  
  112  24:40  Hydralisk  
  112  24:41  Hydralisk x2  
  112  24:43  Zergling x4  
  119  24:50  Zergling x2  
  119  24:51  Zergling x6  
  117  25:06  Hydralisk x4  
  112  25:07  Zergling x2  
  112  25:15  Lurker x2  
  112  25:16  Zergling x4  
  116  25:23  Lurker  
  116  25:24  Zergling x4  
  116  25:25  Zergling x4  
  116  25:27  Zergling x2  
  119  25:37  Zergling x10  
  116  25:56  Hydralisk x5  
  112  26:02  Zergling x4  
  95  26:15  Zergling x2  
  95  26:16  Zergling x12  
  98  26:23  Zergling x2, Lurker  
  98  26:24  Zergling x2  
  98  26:33  Zergling x8  
  98  26:34  Zergling x2  
  103  26:42  Lurker  
  103  26:43  Zergling x2  
  103  26:44  Zergling x4  
  107  26:49  Zergling x4  
  107  26:58  Hydralisk  
  107  26:59  Zergling x2  
  107  27:00  Zergling x6  
  103  27:09  Hydralisk  
  103  27:10  Zergling x10  
  103  27:15  Zergling x6  
  107  27:38  Hydralisk x3  
  107  27:39  Zergling x20  
  119  27:57  Hydralisk  
  119  27:58  Hydralisk  
  110  27:59  Zergling x10  
  110  28:05  Hydralisk  
  116  28:06  Zergling x6  
  116  28:07  Zergling x2  
  116  28:19  Hydralisk  
  118  28:20  Zergling x8  
  118  28:22  Zergling x8  
  118  28:27  Zergling x2  
  125  28:33  Zergling x6  
Show
View Real Time Build Order
Export as new Build Order

SpeCial Terran 

Build Orders: Liberator Opening, Reaper Expand 

Get SALT Encoding   

  12  0:00  SCV  
  13  0:12  SCV  
  14  0:17  Supply Depot  
  14  0:24  SCV  
  15  0:39  SCV  
  15  0:40  Barracks  
  16  0:43  Refinery  
  16  0:51  SCV  
  17  1:03  SCV  
  18  1:15  SCV  
  19  1:27  Orbital Command  
  19  1:28  Reaper  
  19  1:30  Supply Depot  
  20  1:46  Command Center  
  20  1:53  SCV  
  21  2:00  Marine  
  22  2:04  Factory  
  22  2:08  SCV  
  23  2:12  Refinery  
  23  2:20  SCV  
  23  2:21  Barracks Reactor  
  24  2:32  SCV  
  26  2:44  SCV  
  26  2:54  Starport  
  26  2:56  SCV  
  27  2:59  Orbital Command  
  27  3:02  Hellion x2  
  27  3:03  Marine  
  32  3:08  SCV  
  33  3:13  Supply Depot  
  32  3:21  SCV  
  32  3:23  Marine  
  32  3:24  Hellion x2  
  38  3:28  SCV  
  38  3:33  SCV  
  40  3:35  Liberator  
  43  3:45  Hellion x2  
  47  3:50  SCV x2  
  49  4:02  SCV x2  
  51  4:04  Factory  
  51  4:07  Supply Depot  
  51  4:11  Cyclone  
  53  4:18  SCV  
  54  4:29  Liberator, Cyclone, SCV  
  60  4:31  Marine  
  60  4:35  Command Center  
  58  4:38  SCV  
  58  4:41  SCV  
  57  4:49  Cyclone  
  57  4:50  Factory Tech Lab  
  53  4:54  SCV x2  
  52  5:00  Barracks Tech Lab  
  52  5:01  Cyclone  
  52  5:06  SCV x2, Refinery  
  56  5:10  Siege Tank  
  59  5:18  SCV x2, Refinery  
  59  5:19  Marine  
  62  5:27  Hurricane Engines  
  62  5:33  Barracks x2  
  62  5:38  Supply Depot  
  62  5:46  SCV x2  
  62  5:47  Orbital Command, Widow Mine x2  
  62  5:49  Siege Tank  
  71  5:59  SCV x2  
  73  6:05  Marine, Engineering Bay  
  73  6:10  Engineering Bay  
  74  6:12  Orbital Command  
  74  6:14  Bunker, SCV x2  
  76  6:19  Cyclone x2  
  76  6:21  Siege Tank  
  76  6:24  Barracks Reactor x2  
  83  6:25  Marine  
  83  6:29  SCV  
  85  6:36  SCV  
  85  6:37  SCV  
  84  6:41  SCV  
  84  6:42  Terran Infantry Weapons Level 1, Terran Infantry Armor Level 1  
  84  6:45  Supply Depot  
  85  6:49  SCV x2, Marine, Missile Turret  
  85  6:50  Stimpack  
  85  6:53  SCV  
  89  6:56  Barracks  
  89  6:59  Barracks  
  89  7:01  SCV x2, Marine  
  90  7:05  SCV  
  96  7:08  Barracks  
  96  7:10  Supply Depot  
  96  7:12  Refinery  
  96  7:13  Factory Tech Lab, Marine x2, SCV x2  
  96  7:14  Marine  
  101  7:16  Starport Reactor  
  101  7:19  Barracks  
  101  7:28  Siege Tank  
  101  7:29  Refinery  
  101  7:31  SCV x3, Marine x2  
  101  7:32  Supply Depot  
  101  7:35  Marine x2  
  101  7:36  Marine  
  109  7:46  Barracks Tech Lab  
  109  7:47  Barracks Reactor  
  109  7:53  Command Center  
  109  7:54  Medivac x2, Supply Depot, SCV x3  
  109  7:57  Supply Depot  
  116  8:05  Armory  
  116  8:06  SCV  
  117  8:14  Barracks Reactor  
  117  8:15  SCV x2  
  117  8:17  Siege Tank x2  
  117  8:19  SCV  
  126  8:20  Marine x6  
  126  8:25  Supply Depot  
  126  8:26  Supply Depot  
  132  8:27  SCV  
  132  8:29  Medivac  
  133  8:35  Sensor Tower  
  133  8:45  Marine  
  133  8:46  Marine x3, Supply Depot x2  
  133  8:47  Medivac, Marine x2, SCV  
  141  8:49  Siege Tank  
  141  8:51  Marine  
  141  8:53  Marine x2  
  141  8:55  SCV  
  124  8:57  Marine x2  
  124  8:58  SCV  
  124  9:01  Combat Shield  
  101  9:03  Marine  
  101  9:04  Marine x5  
  101  9:09  Siege Tank, Marine  
  103  9:10  Marine x2  
  103  9:16  Marine x2  
  102  9:17  Terran Infantry Weapons Level 2  
  102  9:19  SCV  
  102  9:21  Marine  
  102  9:22  Marine  
  102  9:24  Orbital Command  
  104  9:26  Siege Tank  
  107  9:31  Marine x7  
  107  9:37  Medivac x2  
  107  9:38  Marine  
  119  9:40  Orbital Command, Marine x2  
  119  9:43  Missile Turret  
  119  9:44  Marine  
  122  9:46  SCV  
  122  9:49  Marine x2  
  128  9:52  Siege Tank, Marine  
  128  9:53  Marine  
  128  9:54  Marine  
  128  9:55  Marine x2  
  128  9:56  Marine  
  128  9:57  SCV x2  
  128  9:58  Marine  
  137  10:00  Sensor Tower  
  137  10:01  Marine  
  137  10:05  SCV  
  137  10:06  SCV  
  137  10:07  Siege Tank, Marine  
  144  10:09  SCV  
  144  10:13  Marine x6  
  144  10:14  Marine  
  152  10:16  Marine  
  152  10:18  Marauder x2  
  152  10:19  SCV x3, Marine  
  161  10:21  SCV  
  161  10:22  Terran Infantry Armor Level 2  
  156  10:33  SCV x3  
  156  10:34  SCV, Marine x4  
  156  10:35  Marine  
  141  10:37  Siege Tank  
  141  10:39  Siege Tank, Marine  
  141  10:40  Marine x2  
  141  10:41  Marine  
  141  10:42  Marine  
  152  10:45  SCV  
  152  10:47  Missile Turret  
  153  10:51  Medivac  
  153  10:52  Medivac  
  153  10:56  Marine  
  153  10:57  Marauder, Marine x4, Missile Turret  
  164  11:08  Terran Vehicle Weapons Level 1  
  164  11:10  Ghost Academy  
  164  11:12  Barracks, Marine  
  164  11:13  Barracks  
  164  11:16  Missile Turret  
  164  11:17  Supply Depot  
  164  11:18  Siege Tank, Marine x5  
  172  11:29  Sensor Tower  
  172  11:30  Refinery  
  172  11:38  Siege Tank, Marine x3  
  180  11:45  Marauder  
  180  11:48  Marine  
  180  11:57  Supply Depot  
  180  11:59  Marine x8  
  188  12:02  Supply Depot  
  188  12:04  Barracks Tech Lab x2  
  188  12:10  Marine  
  188  12:12  Marine  
  188  12:13  Viking x2  
  187  12:17  Ghost  
  187  12:19  Starport  
  187  12:26  Ghost x2, Marine  
  181  12:30  Ghost  
  181  12:32  Marine x2  
  182  12:41  Refinery  
  182  12:43  Viking x2  
  186  12:45  Ghost  
  186  12:49  Command Center, Starport  
  188  12:51  Marine  
  188  12:54  Ghost  
  184  12:59  Thor  
  184  13:01  Starport Reactor  
  190  13:05  Terran Infantry Weapons Level 3  
  190  13:09  Missile Turret  
  190  13:12  Viking x2  
  190  13:13  Ghost  
  190  13:15  Personal Cloaking  
  191  13:40  Marauder, Marine x4  
  191  13:41  Marine x4, Marauder  
  194  13:42  Viking x2  
  199  13:51  Viking  
  199  13:52  Starport Reactor  
  192  14:00  Viking  
  183  14:09  Command Center  
  183  14:10  Thor  
  183  14:12  Viking  
  183  14:16  Terran Infantry Armor Level 3, Terran Vehicle Weapons Level 2  
  191  14:25  Planetary Fortress  
  191  14:29  Armory, Missile Turret  
  191  14:33  Fusion Core  
  191  14:36  Viking  
  193  14:41  Command Center  
  193  14:44  Ghost x2, Concussive Shells  
  175  15:00  Marine x4  
  175  15:01  Marine x4, Marauder x2  
  185  15:08  Sensor Tower  
  191  15:14  Viking  
  191  15:15  Viking x3  
  191  15:20  Marauder, Marine x5  
  200  15:21  Orbital Command  
  200  15:24  Command Center  
  200  15:28  Factory  
  199  15:44  Marine  
  199  15:47  Missile Turret  
  199  15:49  Marine  
  200  15:58  Advanced Ballistics  
  200  16:00  Hi-Sec Auto Tracking  
  200  16:14  Missile Turret  
  200  16:16  Factory Tech Lab  
  200  16:17  Factory  
  198  16:32  Nuke  
  196  16:41  Marauder, Marine x2  
  196  16:42  Command Center  
  196  16:47  Siege Tank  
  196  16:51  Marine  
  196  16:53  Neosteel Armor  
  200  17:14  Liberator  
  200  17:15  Liberator x4  
  176  17:16  Marine  
  176  17:17  Marauder  
  176  17:20  Marauder, Marine  
  158  17:23  Marauder, Marine  
  158  17:24  Liberator  
  158  17:25  Marine  
  158  17:26  Marauder  
  155  17:31  Marine  
  155  17:34  Marine  
  155  17:35  Marine  
  158  17:38  Siege Tank, Marauder, Marine x3  
  158  17:41  Marine  
  158  17:42  Marauder, Marine  
  158  17:43  Terran Vehicle Weapons Level 3  
  170  17:45  Marauder  
  170  17:47  Marauder  
  170  17:49  Marine x2  
  176  17:54  Marine  
  176  17:57  Liberator x3  
  176  18:00  Marauder  
  176  18:02  Marine x3  
  176  18:03  Marauder  
  183  18:06  Marauder  
  183  18:07  Siege Tank  
  183  18:09  Marauder  
  185  18:14  Marine  
  177  18:20  Siege Tank  
  177  18:21  Marauder  
  177  18:24  Marauder  
  177  18:26  Marine  
  172  18:28  Marauder  
  172  18:30  Marauder  
  162  18:39  Marine x2  
  147  18:43  Marauder  
  147  18:44  Siege Tank  
  147  18:46  Marauder  
  147  18:47  Marine x2  
  150  18:49  Marauder, Marine  
  150  18:51  Marauder  
  150  18:53  Siege Tank  
  145  19:04  Medivac x2  
  145  19:08  Planetary Fortress  
  146  19:17  Siege Tank, Factory Tech Lab  
  146  19:18  Orbital Command  
  146  19:20  Marine  
  146  19:22  Marauder  
  149  19:29  Ghost  
  149  19:31  Marine x2  
  153  19:36  Marine x2  
  155  19:39  Ghost  
  157  19:48  Ghost  
  157  19:49  Marine  
  157  19:50  Marine  
  161  19:53  Missile Turret  
  161  19:57  Ghost x2  
  165  20:00  Marine x2  
  165  20:06  Siege Tank  
  168  20:11  Ghost  
  148  20:14  Marine  
  148  20:16  Marine x3  
  148  20:17  Ghost  
  151  20:25  Siege Tank x2  
  151  20:26  Marauder, Medivac  
  151  20:27  Marine x3  
  151  20:28  Marauder  
  166  20:31  Marine x2  
  166  20:33  Refinery  
  166  20:34  Refinery  
  162  20:36  Marine x2  
  162  20:39  Siege Tank  
  162  20:40  Marine x2, Marauder  
  168  20:46  Marauder  
  168  20:48  Marauder  
  168  20:49  Marine  
  173  20:53  Missile Turret, Marine  
  173  20:56  Missile Turret  
  174  20:57  Medivac  
  174  21:07  Marauder, Marine  
  174  21:09  Medivac x2  
  164  21:11  Marine  
  164  21:12  Marauder  
  164  21:18  Marine  
  166  21:19  Marine x2, Marauder x2  
  166  21:20  Marine  
  167  21:31  Medivac x2  
  167  21:32  Marine  
  148  21:40  Marauder  
  148  21:46  Marauder  
  129  21:52  Marine  
  119  21:54  Orbital Command  
  119  21:55  Marine  
  119  22:13  Marine x2  
  119  22:14  Marine  
  122  22:20  Marine  
  117  22:23  Marine x2  
  117  22:26  Marine  
  117  22:27  Marine  
  121  22:31  Ghost  
  121  22:34  Marine  
  124  22:42  Ghost  
  124  22:43  Marine x2  
  127  22:44  Marine  
  127  22:48  Marine  
  129  22:51  Orbital Command, Marine  
  129  22:52  Marine  
  129  22:54  Marine  
  132  23:01  Marine x2  
  134  23:11  Ghost, Marine  
  134  23:12  Marine  
  136  23:23  Ghost  
  138  23:28  Ghost  
  138  23:31  Marine x4  
  138  23:32  Marine  
  145  23:37  Ghost  
  145  23:38  Marine  
  139  23:49  Ghost  
  139  23:50  Marine  
  139  23:52  Marauder, Marine  
  135  23:59  Marauder, Marine  
  135  24:00  Marine x2  
  135  24:01  Marine  
  135  24:02  Marine  
  135  24:03  Marine x2  
  135  24:07  Marauder, Refinery  
  135  24:08  Refinery  
  140  24:15  Ghost  
  140  24:16  Marine x2  
  137  24:39  Ghost, Marine  
  137  24:40  Marine  
  137  24:41  Marauder, Marine x3  
  137  24:43  Marine x2  
  137  24:44  Marine x3  
  137  24:45  Marine  
  138  24:52  Missile Turret  
  138  24:54  Marine  
  138  24:57  Missile Turret, Marine  
  135  25:01  Marine  
  135  25:02  Marine x2  
  118  25:07  Marine  
  118  25:08  Marine x6  
  118  25:10  SCV x2  
  118  25:11  SCV x4  
  125  25:22  SCV  
  125  25:23  Marine, SCV x3  
  125  25:24  Marine  
  125  25:28  Marine  
  132  25:29  Marine  
  133  25:36  Marine x3  
  133  25:40  Marine  
  134  25:44  Marine  
  134  25:48  Marine  
  127  25:54  Ghost, Marine x3  
  121  25:57  Marine x2  
  121  25:59  SCV  
  95  26:13  Marine x2  
  95  26:14  Marine x5  
  95  26:15  Marine x3  
  95  26:18  Marine  
  97  26:25  Marine x3  
  99  26:31  Marine x2  
  101  26:36  Ghost, Marine x2  
  105  26:40  Marine x2  
  105  26:41  Marine  
  108  26:47  Ghost  
  108  26:50  Marine  
  108  26:51  Marine  
  111  27:02  Liberator x2  
  115  27:15  Medivac x2  
  91  27:25  Marine  
  91  27:26  Marine x3  
  92  27:36  Medivac  
  66  27:44  Marine  
  66  27:45  Medivac  
  69  27:53  Marine  
  69  27:55  Marine  
  69  27:56  Marine  
  48  28:07  Marine  
  48  28:08  Marine  
  45  28:13  Marine  
  45  28:21  Marine x2  
  47  28:32  Marine x2  
Tags
 
Add a new tag
Caveats
  • Supply blocks, unpowered buildings, or Contaminate may cause inaccurate times.
  • Supply counts are checked every 10 seconds.